 Dungeon Crawl Stone Soup version 0.20-a0-795-ga03948b (webtiles) character file.

2419 SilenceOfTheYaks the Cleaver (level 9, -1/94 HPs)
             Began as a Demonspawn Berserker on Mar 1, 2017.
             Was an Elder of Trog.
             Slain by a gnoll
             ... wielding a +0 halberd
              (24 damage)
             ... on level 6 of the Dungeon.
             The game lasted 00:11:08 (5984 turns).

SilenceOfTheYaks the Cleaver (Demonspawn Berserker) Turns: 5984, Time: 00:11:09

Health: -1/94      AC:  9    Str: 24    XL:     9   Next: 24%
Magic:  9/9        EV: 11    Int: 11    God:    Trog [****..]
Gold:   359        SH:  0    Dex: 17    Spells: 8/8 levels left

rFire    . . .     SeeInvis .   a - +1 hand axe
rCold    . . .     Gourm    +   d - +0 scale mail
rNeg     . . .     Faith    .   (no shield)
rPois    .         Spirit   .   (helmet restricted)
rElec    .         Reflect  .   e - +1 cloak
rCorr    .         Harm     .   B - +0 pair of gloves
MR       +....                  (no boots)
Stlth    ..........             v - amulet of the gourmand
Regen    0.3/turn               K - +5 ring of dexterity
MPRegen  0.2/turn               h - ring of protection from magic

@: berserking, very quick
A: antennae 2, powered by pain 1, spiny 1
a: Berserk, Trog's Hand, Brothers in Arms, Burn Spellbooks, Renounce Religion


You were on level 6 of the Dungeon.
You worshipped Trog.
Trog was greatly pleased with you.
You were not hungry.

You visited 1 branch of the dungeon, and saw 6 of its levels.
You also visited: Sewer.

You collected 359 gold pieces.

Inventory:

Hand Weapons
 a - a +1 hand axe (weapon)
Armour
 b - a +0 animal skin
 d - a +0 scale mail (worn)
 e - a +1 cloak (worn)
 m - a +0 chain mail
 B - a +0 pair of gloves (worn)
 H - the +2 leather armour "Ihoezus" {Str+2, unknown}
   (You found it on level 6 of the Dungeon)

   It affects your strength (+2).
Jewellery
 h - a ring of protection from magic (left hand)
 v - an amulet of the gourmand (around neck)
 x - an uncursed ring of wizardry
 C - an uncursed ring of resist corrosion
 J - a +4 ring of intelligence
 K - a +5 ring of dexterity (right hand)
Wands
 c - a wand of clouds (0/9)
 j - a wand of acid (9/15)
 u - a wand of acid (9/15)
 G - a wand of disintegration (11/24)
Scrolls
 k - 2 scrolls of recharging
 p - a scroll of magic mapping {unknown}
 r - 2 scrolls of identify
 s - a scroll of teleportation
 w - a scroll of fog
 y - a scroll of amnesia
 z - a scroll of fear
 D - 2 scrolls of enchant weapon
 I - a scroll of enchant armour
Potions
 f - 2 potions of agility
 g - 5 potions of heal wounds
 i - a potion of curing
 o - 2 potions of ambrosia
 E - a potion of lignification {unknown}
Books
 l - a book of Minor Magic

   Spells                             Type                      Level
   a - Magic Dart                     Conjuration                  1
   b - Blink                          Translocation                2
   c - Call Imp                       Summoning                    2
   d - Slow                           Hexes                        2
   e - Conjure Flame                  Conjuration/Fire             3
   f - Mephitic Cloud                 Conjuration/Poison/Air       3
   Trog disapproves of the use of such an item.
 n - a book of Misfortune

   Spells                             Type                      Level
   a - Confusing Touch                Hexes                        1
   b - Confuse                        Hexes                        3
   c - Gell's Gravitas                Translocation                3
   d - Petrify                        Transmutation/Earth          4
   e - Metabolic Englaciation         Hexes/Ice                    5
   f - Yara's Violent Unravelling     Hexes/Transmutation          5
   Trog disapproves of the use of such an item.
Comestibles
 q - 4 meat rations
 t - 3 royal jellies
 A - 2 bread rations
 F - 3 fruits


   Skills:
 - Level 3.0 Fighting
 + Level 11.5 Axes
 - Level 1.7 Armour
 - Level 1.7 Dodging


You had 8 spell levels left.
You didn't know any spells.

Dungeon Overview and Level Annotations

Branches:
Dungeon (6/15)             Temple (0/1) D:4

Altars:
Cheibriados
Elyvilon
Fedhas
Hepliaklqana
Kikubaaqudgha
Makhleb
Ru
Uskayaw
Vehumet
Yredelemnul

Shops:
D:4 [   D:5 (


Innate Abilities, Weirdness & Mutations

You have a pair of antennae on your head.
You sometimes gain a little power by taking damage.
You are partially covered in sharp spines.


Message History

The ice beast is moderately wounded.
The gnoll barely misses you. The ice beast closely misses you.
The gnoll hits you from afar with a halberd!
You hit the ice beast but do no damage.
The ice beast is moderately wounded.
The gnoll hits you from afar with a spear.
The ice beast hits you. The ice beast freezes you!
You are too injured to fight recklessly!
You are too injured to fight recklessly!
A red film seems to cover your vision as you go berserk!
You feel yourself moving faster!
You feel mighty!
You feel a lot more hungry.
The gnoll hits you from afar with a halberd!
* * * LOW HITPOINT WARNING * * *
The gnoll hits you from afar with a spear.
* * * LOW HITPOINT WARNING * * *
The ice beast hits you but does no damage.
You slash the ice beast!
The ice beast is almost dead.
The gnoll hits you from afar with a halberd!!
You die...

...##.....## ........
)..##.....## ####### #......#
...........#
##'##.#######......##...........#
##.##.##...##.......#...........#
............#.......#...........#
............#...gg..+...........'
............#..Y)...#...........#
##..........#...@...#...........#
##..........#.......#...##...####
##....##...##.......#...###'#####
##....###'###....(.##............
......#....##......##............
......#.............'............
......#.............#............
8..8###.............#...##...##..
...._###).###......##...##...##..


You could see an ice beast and 2 gnolls.

Vanquished Creatures
  An ugly thing (D:6)
  Sigmund (D:4)
  Menkaure (D:5)
  An ice beast (D:6)
  Purgy (Sewer)
  2 sky beasts (D:6)
  3 ogres
  A centaur (D:5)
  A bullfrog (D:6)
  A gnoll sergeant (D:5)
  A scorpion (D:6)
  A water moccasin zombie (D:6)
  3 crimson imps
  3 orc priests
  3 hounds (D:5)
  A centaur skeleton (D:4)
  Terence (D:2)
  5 worker ants
  3 iguanas (D:4)
  2 orc wizards (D:6)
  4 gnolls
  9 adders
  A river rat (D:3)
  2 oozes
  An adder skeleton (D:4)
  4 worms (D:3)
  A dart slug (D:1)
  6 leopard geckos
  12 orcs
  10 bats
  7 giant cockroaches
  4 goblins
  7 hobgoblins
  3 jackals (D:5)
  3 kobolds
  A quokka (D:3)
  4 ball pythons
  13 frilled lizards
  3 quokka zombies (D:5)
  11 rats
142 creatures vanquished.

Notes
Turn   | Place    | Note
-------+----------+-------------------------------------------
     0 | D:1      | SilenceOfTheYaks the Demonspawn Berserker began the quest for the Orb.
     0 | D:1      | Reached XP level 1. HP: 18/18 MP: 1/1
   146 | D:1      | Reached skill level 3 in Axes
   154 | D:1      | Gained mutation: You sometimes gain a little power by taking damage. [demonic ancestry]
   154 | D:1      | Reached XP level 2. HP: 14/24 MP: 2/2
   638 | D:1      | Reached XP level 3. HP: 27/29 MP: 3/3
   706 | D:1      | Reached skill level 4 in Axes
   837 | D:2      | Found a hazy altar of Hepliaklqana.
   955 | D:2      | Reached ** piety under Trog
  1219 | D:2      | Reached XP level 4. HP: 29/35 MP: 4/4
  1355 | D:2      | Found a blossoming altar of Fedhas.
  1403 | D:2      | Noticed Terence
  1407 | D:2      | Killed Terence
  1801 | D:3      | Reached skill level 5 in Axes
  1868 | D:3      | Found a faded altar of an unknown god.
  1918 | D:3      | Found a glowing drain.
  1948 | Sewer    | Entered a sewer
  1969 | Sewer    | Gained mutation: You are partially covered in sharp spines. [demonic ancestry]
  1969 | Sewer    | Reached XP level 5. HP: 34/41 MP: 5/5
  2079 | Sewer    | Noticed Purgy
  2095 | Sewer    | Killed Purgy
  2095 | Sewer    | Reached skill level 6 in Axes
  2570 | D:3      | Gained mutation: You have a pair of small antennae on your head. [demonic ancestry]
  2570 | D:3      | Reached XP level 6. HP: 47/47 MP: 6/6
  2619 | D:3      | Found a hide-covered altar of Uskayaw.
  2619 | D:3      | Found an ancient bone altar of Kikubaaqudgha.
  2696 | D:3      | Reached *** piety under Trog
  2819 | D:4      | Found a staircase to the Ecumenical Temple.
  3235 | D:4      | Reached skill level 7 in Axes
  3290 | D:4      | Found Wotebuf's Armour Shop.
  3387 | D:4      | Reached XP level 7. HP: 52/52 MP: 7/7
  3589 | D:4      | Reached skill level 8 in Axes
  3704 | D:4      | Noticed Sigmund
  3711 | D:4      | Killed Sigmund
  4025 | D:5      | Entered Level 5 of the Dungeon
  4088 | D:5      | Reached skill level 9 in Axes
  4088 | D:5      | Reached XP level 8. HP: 55/58 MP: 8/8
  4197 | D:5      | Reached **** piety under Trog
  4205 | D:5      | Noticed Menkaure
  4214 | D:5      | Killed Menkaure
  4663 | D:5      | Found a sacrificial altar of Ru.
  4750 | D:5      | Found Narop's Weapon Shoppe.
  4897 | D:5      | Reached skill level 10 in Axes
  5071 | D:5      | Found a burning altar of Makhleb.
  5071 | D:5      | Noticed a cacodemon
  5415 | D:6      | Got a smelly leather armour
  5548 | D:6      | Found a white marble altar of Elyvilon.
  5691 | D:6      | Found a radiant altar of Vehumet.
  5704 | D:6      | Found a basalt altar of Yredelemnul.
  5706 | D:6      | Found a snail-covered altar of Cheibriados.
  5734 | D:6      | Reached skill level 11 in Axes
  5734 | D:6      | Gained mutation: You have a pair of antennae on your head. [demonic ancestry]
  5734 | D:6      | Reached XP level 9. HP: 40/63 MP: 9/9
  5882 | D:6      | Noticed a red ugly thing
  5902 | D:6      | Killed a red ugly thing
  5984 | D:6      | Slain by a gnoll

Vault maps used:
D:1:      dpeg_arrival_ternary, minmay_tetromino_t4
D:2:      nicolae_overflow_crystal_walls, fedhas_altar_3, uniq_terence
D:3:      gammafunk_temple_overflow_pools, chequers_ecumenical_altar_island,
          portal_sewer_entry_a
D:4:      minmay_temple_entry_crystal_x, serial_shops, nicolae_shop_stone,
          uniq_sigmund
D:5:      makhleb_altar_promises_db, lemuel_doored_altar, first_bread,
          serial_shops, nicolae_shop_stone, minmay_misc_feat_doors,
          grunt_ministairs_2, uniq_menkaure
D:6:      lemuel_coloured_pillars_altar, minitemple,
          nicolae_qazlal_eye_of_the_storm
Sewer:    sewer_co_purgy_island

Skill      XL: |  1  2  3  4  5  6  7  8 |
---------------+-------------------------+-----
Axes           | 3 4 5 6 7 9 11 | 11.5
Fighting       | |  3.0
Armour         | |  1.7
Dodging        | |  1.7

Action                   |  1- 3 |  4- 6 |  7- 9 || total
-------------------------+-------+-------+-------++-------
Melee: Hand axe          |   131 |   133 |   196 ||   460
Invok: Berserk           |       |     4 |     7 ||    11
Evoke: Wand              |       |       |     1 ||     1
  Use: Potion            |     1 |     3 |       ||     4
       Scroll            |       |     8 |     3 ||    11
 Stab: Confused          |       |       |     3 ||     3
  Eat: Chunk             |       |     9 |    18 ||    27
       Bread ration      |       |     1 |       ||     1
Armor: Scale mail        |    83 |    54 |    72 ||   209
Dodge: Dodged            |    91 |    68 |    78 ||   237
